Map: Turbo Cruise '84 LE

Players

BigDaddyKill - Winner!

  • Race: Protoss Protoss
  • League: Silver
  • Spawn Location: 7:00

TiPtOP

  • Race: Terran Terran
  • League: Silver
  • Spawn Location: 3:00

VOD

Have the link to the VOD?

Description

Time

  • Played on: Aug. 13, 2019, 12:06 a.m.
  • Length: 8:48
Show
View Real Time Build Order
Export as new Build Order

BigDaddyKill Protoss - Winner!

Build Orders: Colossus Rush 

Get SALT Encoding   

  12  0:01  Probe  
  13  0:14  Probe  
  13  0:15  Pylon  
  14  0:23  Probe  
  15  0:33  Probe  
  16  0:41  Gateway  
  16  0:45  Probe  
  17  0:54  Gateway  
  17  0:57  Probe  
  18  1:04  Assimilator  
  18  1:09  Probe  
  19  1:21  Probe  
  20  1:34  Probe, Cybernetics Core  
  21  1:41  Assimilator  
  21  1:46  Zealot, Pylon  
  23  2:09  Nexus  
  23  2:18  Stalker  
  25  2:29  Probe  
  26  2:41  Probe  
  26  2:43  Stalker  
  29  2:51  Pylon  
  29  2:54  Gateway  
  29  3:04  Probe  
  29  3:05  Robotics Facility  
  29  3:12  Probe  
  30  3:17  Stalker  
  30  3:18  Probe  
  33  3:20  Probe  
  33  3:26  Probe  
  35  3:32  Probe  
  37  3:35  Stalker  
  37  3:37  Probe  
  40  3:43  Warp Gate  
  40  3:44  Probe  
  41  3:49  Probe  
  41  3:53  Stalker, Probe  
  44  4:01  Probe x2  
  46  4:06  Robotics Bay  
  47  4:11  Probe  
  47  4:13  Stalker, Probe  
  51  4:20  Pylon  
  51  4:22  Probe  
  51  4:24  Probe  
  52  4:30  Probe  
  53  4:36  Pylon  
  54  4:38  Stalker, Probe  
  57  4:54  Assimilator  
  57  4:56  Assimilator  
  57  5:05  Stalker  
  57  5:06  Stalker  
  61  5:18  Probe  
  62  5:30  Probe  
  62  5:32  Colossus  
  69  5:39  Pylon  
  69  5:42  Probe  
  70  5:52  Gateway  
  70  5:56  Gateway  
  70  5:57  Probe  
  70  5:58  Pylon  
  70  6:02  Pylon  
  71  6:06  Pylon, Gateway  
  71  6:19  Robotics Facility  
  71  6:21  Probe  
  71  6:22  Robotics Facility  
  72  6:26  Colossus  
  72  6:28  Nexus  
  72  6:32  Stalker x3  
  82  6:33  Probe  
  85  6:45  Probe  
  86  6:53  Stalker x2  
  90  6:56  Stalker x3  
  90  7:36  Stalker x3  
  90  7:37  Stalker x3  
  98  7:44  Probe  
  90  7:52  Probe, Pylon  
  85  8:02  Probe  
  85  8:04  Stalker x2  
  85  8:05  Stalker x2  
  87  8:06  Stalker  
  87  8:12  Stalker  
  93  8:14  Probe  
  92  8:26  Probe  
  87  8:31  Stalker  
  87  8:32  Stalker x2  
  87  8:33  Stalker x2  
Show
View Real Time Build Order
Export as new Build Order

TiPtOP Terran 

Build Orders:  

Get SALT Encoding   

  12  0:01  SCV  
  13  0:13  SCV  
  14  0:18  Supply Depot  
  14  0:25  SCV  
  15  0:40  Refinery  
  15  0:43  Barracks  
  15  0:45  SCV  
  16  0:58  SCV  
  17  1:21  SCV  
  18  1:33  SCV  
  18  1:36  Barracks Reactor  
  19  1:51  Supply Depot  
  19  1:56  SCV  
  20  2:06  Command Center  
  20  2:08  Refinery, SCV  
  21  2:13  Marine x2  
  22  2:30  Factory  
  22  2:36  Orbital Command  
  22  2:44  Marine x2  
  24  3:09  SCV  
  25  3:16  Factory Reactor  
  25  3:24  Supply Depot  
  25  3:26  SCV  
  26  3:28  SCV  
  27  3:38  Starport  
  27  3:42  Marine x2  
  27  3:45  SCV  
  27  3:46  Supply Depot  
  27  3:47  SCV  
  31  3:54  Widow Mine x2  
  35  4:30  Starport Tech Lab  
  35  4:31  Supply Depot  
  35  4:34  Fusion Core  
  35  4:48  SCV x2  
  36  5:00  SCV  
  37  5:29  Orbital Command  
  37  5:30  SCV  
  35  5:42  SCV  
  36  5:49  Bunker  
  36  5:50  Marine x2  
  36  5:54  Widow Mine x2  
  36  5:56  Battlecruiser  
  48  6:02  Barracks  
  48  6:37  Supply Depot  
  48  6:43  Marine x2  
  56  7:01  Battlecruiser  
  32  7:51  Marine x2  
  32  7:52  Marine  
  32  7:53  Widow Mine  
  32  7:54  Widow Mine  
  19  8:19  Marine  
Tags
 
Add a new tag
Caveats
  • Supply blocks, unpowered buildings, or Contaminate may cause inaccurate times.
  • Supply counts are checked every 10 seconds.